 Dungeon Crawl Stone Soup version 0.31-a0-175-g9f7f995f2b (webtiles) character file.

Game seed: 2075684126566442597

3156503 TittyCrusher the Cruiserweight Champion (level 27, 490/490 HPs)
             Began as a Naga Transmuter on June 17, 2023.
             Was the Champion of Cheibriados.
             Escaped with the Orb
             ... and 5 runes!
             The game lasted 03:13:30 (70931 turns).

TittyCrusher the Cruiserweight Champion (NaTm)     Turns: 70931, Time: 03:13:31

Health: 490/490    AC: 16    Str: 70    XL:     27
Magic:  21/32      EV: 24    Int: 29    God:    Cheibriados [******]
Gold:   2415       SH:  0    Dex: 28    Spells: 7/35 levels left

rFire   + +          .
                       - Unarmed
rCold   x . .        J - melded +5 kite shield {rC+ rF+}
rNeg    . . .        y - melded +0 troll leather armour
rPois   +            P - melded +1 hat of the Ecumenical Temple {rPois rN+}
rElec   .            O - melded +2 cloak {Will+}
rCorr   .            d - melded +1 pair of gloves of Happiness {rC++}
SInv    +            Z - melded +2 barding {rC+}
Will    +++..        f - amulet "Daiq" {RegenMP rPois Str+8 Stlth-}
Stlth   ++           Q - +6 ring of strength
HPRegen 1.01/turn    N - +6 ring of strength
MPRegen 0.63/turn

%: no passive effects
@: dragon-form, wereblooded, flying, slightly contaminated, studying 4 skills,
very slow
A: dragon claw, dragon scales, breathe fire, flying, boosted hp, AC +9, giant,
see invisible, (deformed body), (poison resistance), (slowness 2), spit poison
1, (naga tail 2), (fire resistance 1), robust 1, teleportitis 1
0: Orb of Zot
}: 5/15 runes: serpentine, barnacled, slimy, silver, abyssal
a: Spit Poison, Breathe Fire, End Transformation, Renounce Religion, Bend Time,
Temporal Distortion, Slouch, Step From Time


You escaped.
You worshipped Cheibriados.
Cheibriados was exalted by your worship.
You were a fearsome dragon!
You visited 12 branches of the dungeon, and saw 56 of its levels.
You visited the Abyss 1 time.
You also visited: Ice Cave, Wizlab and Desolation.

You collected 8673 gold pieces.
You spent 6258 gold pieces at shops.

Inventory:

Missiles
 a - 4 throwing nets
Armour
 d - the +1 pair of gloves of Happiness (melded) {rC++}
   (You bought it in a shop on level 4 of the Snake Pit)

   rC:        It greatly protects you from cold.
 y - a +0 troll leather armour (melded)
 J - a +5 kite shield of resistance (melded)
 O - a +2 cloak of willpower (melded)
 P - the +1 hat of the Ecumenical Temple (melded) {rPois rN+}
   (You acquired it on level 1 of the Elven Halls)

   rPois:     It protects you from poison.
   rN:        It protects you from negative energy.
 Z - a +2 barding of cold resistance (melded)
Jewellery
 f - the amulet "Daiq" (around neck) {RegenMP rPois Str+8 Stlth-}
   (You took it off a deep elf demonologist on level 3 of the Elven Halls)

   [amulet of magic regeneration]

   It increases your rate of magic regeneration.
   Str:       It affects your strength (+8).
   rPois:     It protects you from poison.
   Stlth:     It makes you less stealthy.
 k - the ring "Coguz" {rF+ rC+ MP+9}
   (You found it in the Desolation of Salt)

   [ring of magical power]

   rF:        It protects you from fire.
   rC:        It protects you from cold.
   MP:        It affects your magic capacity (+9).
 p - a ring of flight
 t - a ring of resist corrosion
 w - the ring of the Garden {Will+ Int+6}
   (You found it on level 3 of the Elven Halls)

   [ring of intelligence]

   Int:       It affects your intelligence (+6).
   Will:      It increases your willpower.
 z - the ring "Qiazaosch" {rN++ AC+4 Dex+3}
   (You found it in the Desolation of Salt)

   [ring of protection]

   AC:        It affects your AC (+4).
   Dex:       It affects your dexterity (+3).
   rN:        It greatly protects you from negative energy.
 K - the ring of the Komtur {EV+5 Str+3}
   (You found it on level 1 of the Elven Halls)

   [ring of evasion]

   EV:        It affects your evasion (+5).
   Str:       It affects your strength (+3).
 N - a +6 ring of strength (right foreclaw)
 Q - a +6 ring of strength (left foreclaw)
 S - the amulet "Taenlum" {RegenMP +Inv rElec Regen+}
   (You acquired it on level 1 of the Lair of Beasts)

   [amulet of magic regeneration]

   It increases your rate of magic regeneration.
   rElec:     It insulates you from electricity.
   +Inv:      It lets you turn invisible.
   Regen:     It increases your rate of health regeneration.
 T - a ring of protection from fire
Wands
 g - a wand of digging (26)
 i - a wand of paralysis (80)
 G - a wand of roots (66)
 H - a wand of quicksilver (42)
 M - a wand of flame (88)
 V - a wand of mindburst (68)
 Y - a wand of polymorph (26)
Scrolls
 j - 9 scrolls of teleportation
 m - 8 scrolls of immolation
 n - 14 scrolls of revelation
 o - 10 scrolls of vulnerability
 r - 2 scrolls of butterflies
 s - 3 scrolls of blinking
 D - 7 scrolls of fog
 E - 5 scrolls of enchant armour
 F - 5 scrolls of poison
 L - 15 scrolls of fear
Potions
 c - 4 potions of might
 e - 5 potions of invisibility
 l - 10 potions of resistance
 q - a potion of magic
 u - 4 potions of ambrosia
 x - 8 potions of lignification
 A - 11 potions of enlightenment
 B - 8 potions of brilliance
 C - 6 potions of mutation
 I - 10 potions of haste
 R - 7 potions of attraction
 U - 7 potions of cancellation
 W - 6 potions of heal wounds
 X - 44 potions of curing
Miscellaneous
 b - a box of beasts
 h - a condenser vane
 v - a phial of floods


   Skills:
 O Level 27 Fighting
 - Level 18.0 Dodging
 - Level 17.5 Stealth
 - Level 7.0 Shields
 O Level 27 Unarmed Combat
 - Level 4.5 Spellcasting
 + Level 8.8 Necromancy
 - Level 4.7 Translocations
 - Level 16.3 Transmutations
 - Level 5.9 Ice Magic
 - Level 10.6 Earth Magic
 - Level 5.6 Poison Magic
 - Level 12.8 Invocations
 - Level 9.9 Evocations


You had 7 spell levels left.
You knew the following spells:

 Your Spells              Type           Power      Damage    Failure   Level
a - Dragon Form           Tmut           39%        N/A       7%          7
b - Wereblood             Tmut           79%        N/A       0%          2
c - Statue Form           Tmut/Erth      47%        N/A       4%          6
e - Apportation           Tloc           68%        N/A       1%          1
f - Lesser Beckoning      Tloc           68%        N/A       1%          2
g - Necromutation         Tmut/Necr      34%        N/A       94%         8
h - Sublimation of Blood  Necr           55%        N/A       1%          2

Your spell library contained the following spells:

 Spells                   Type           Power      Damage    Failure   Level
 Beastly Appendage        Tmut           100%       N/A       0%          1
 Freeze                   Ice            100%       1d10      1%          1
 Kiss of Death            Conj/Necr      100%       2d13      1%          1
 Sandblast                Erth           100%       2d20      1%          1
 Cigotuvi's Dreadful Rot  Necr/Pois/Air  68%        N/A       1%          2
 Passwall                 Tmut/Erth      59%        N/A       1%          2
 Ignite Poison            Fire/Tmut/Pois 49%        N/A       1%          3
 Ozocubu's Armour         Ice            40%        N/A       1%          3
 Spider Form              Tmut/Pois      63%        N/A       1%          3
 Vampiric Draining        Necr           55%        2d9       1%          3
 Animate Dead             Necr           55%        N/A       1%          4
 Ice Form                 Ice/Tmut       63%        N/A       1%          4
 Petrify                  Tmut/Erth      71%        N/A       1%          4
 Alistair's Intoxication  Tmut/Pois      42%        N/A       1%          5
 Blade Hands              Tmut           39%        N/A       1%          5
 Gell's Gravitas          Tloc           34%        N/A       2%          3
 Stone Arrow              Conj/Erth      74%        3d11      2%          3
 Teleport Other           Tloc           34%        N/A       2%          3
 Lee's Rapid Deconstruct  Erth           30%        3d16*     2%          5
 Ensorcelled Hibernation  Hex/Ice        46%        N/A       3%          2
 Poisonous Vapours        Pois/Air       44%        N/A       3%          2
 Agony                    Necr           55%        N/A       4%          5
 Hailstorm                Conj/Ice       23%        3d7       6%          3
 Irradiate                Conj/Tmut      26%        3d20      6%          5
 Foxfire                  Conj/Fire      24%        2x1d5     7%          1
 Magic Dart               Conj           24%        1d4       7%          1
 Slow                     Hex            24%        N/A       7%          1
 Summon Small Mammal      Summ           24%        N/A       7%          1
 Portal Projectile        Hex/Tloc       40%        N/A       8%          3
 Vhi's Electric Charge    Tloc/Air       40%        N/A       8%          3
 Volatile Blastmotes      Fire/Tloc      40%        2d13      8%          3
 Animate Armour           Summ/Erth      74%        N/A       8%          4
 Leda's Liquefaction      Hex/Erth       18%        N/A       8%          4
 Mephitic Cloud           Conj/Pois/Air  17%        N/A       9%          3
 Scorch                   Fire           12%        2d6       10%         2
 Searing Ray              Conj           12%        2d4       10%         2
 Static Discharge         Conj/Air       12%        2-3/arc   10%         2
 Anguish                  Hex/Necr       16%        N/A       11%         4
 Call Canine Familiar     Summ           6%         N/A       21%         3
 Confusing Touch          Hex            6%         N/A       21%         3
 Dazzling Flash           Conj/Hex       12%        N/A       21%         3
 Inner Flame              Hex/Fire       6%         N/A       21%         3
 Summon Guardian Golem    Hex/Summ       6%         N/A       21%         3
 Swiftness                Air            6%         N/A       21%         3
 Summon Ice Beast         Ice/Summ       23%        N/A       21%         4
 Iskenderun's Mystic Bla  Conj/Tloc      20%        2d6       26%         4
 Simulacrum               Ice/Necr       24%        N/A       43%         6
 Metabolic Englaciation   Hex/Ice        11%        N/A       50%         5
 Airstrike                Air            3%         2d(1-17)  54%         4
 Cause Fear               Hex            3%         N/A       54%         4
 Flame Wave               Conj/Fire      6%         2d5       54%         4
 Fulminant Prism          Conj/Hex       3%         3d5       54%         4
 Sticky Flame             Conj/Fire      6%         2d3       54%         4
 Summon Lightning Spire   Summ/Air       6%         N/A       54%         4
 Freezing Cloud           Conj/Ice/Air   8%         6-21      63%         5
 Leda's Unmaking          Conj/Erth      18%        9d4       75%         6
 Dispersal                Tloc           17%        N/A       82%         6
 Arcjolt                  Conj/Air       3%         1d13      88%         5
 Silence                  Hex/Air        3%         N/A       88%         5
 Storm Form               Tmut/Air       26%        N/A       89%         7
 Ozocubu's Refrigeration  Ice            20%        4d11      99%         7
 Conjure Ball Lightning   Conj/Air       3%         3x3d6     100%        6
 Starburst                Conj/Fire      3%         6d3       100%        6
 Summon Cactus Giant      Summ           3%         N/A       100%        6
 Haunt                    Necr/Summ      16%        N/A       100%        7
 Malign Gateway           Summ/Tloc      10%        N/A       100%        7
 Summon Hydra             Summ           3%         N/A       100%        7
 Borgnjor's Revivificati  Necr           27%        N/A       100%        8
 Discord                  Hex            3%         N/A       100%        8
 Disjunction              Tloc           17%        N/A       100%        8
 Ignition                 Fire           3%         3d4       100%        8
 Infestation              Necr           27%        N/A       100%        8
 Lehudib's Crystal Spear  Conj/Erth      18%        10d6      100%        8
 Maxwell's Capacitive Co  Air            3%         ∞         100%        8
 Death's Door             Necr           27%        N/A       100%        9
 Dragon's Call            Summ           3%         N/A       100%        9
 Polar Vortex             Ice            20%        N/A       100%        9


Dungeon Overview and Level Annotations

Branches:
Dungeon (15/15)            Temple (1/1) D:5            Lair (5/5) D:11
 Shoals (4/4) Lair:3        Snake (4/4) Lair:2        Slime (5/5) Lair:4
    Orc (2/2) D:10            Elf (3/3) Orc:2        Vaults (5/5) D:13
  Crypt (3/3) Vaults:3       Tomb (0/3) Crypt:3      Depths (4/4) D:15
    Zot (5/5) Depths:4      IceCv (visited)          WizLab (visited)
Desolation (visited)

Altars:
Ashenzari
Cheibriados
Dithmenos
Elyvilon
Fedhas
Gozag
Hepliaklqana
Kikubaaqudgha
Makhleb
Nemelex Xobeh
Qazlal
Ru
Trog
Uskayaw
Vehumet
Wu Jian
Xom
Yredelemnul
Zin
The Shining One
Jiyva
Lugonu

Shops:
D:13 [:?   Orc:2 ***!   Elf:1 (   Elf:2 *   Shoals:1 [   Shoals:3 (   Snake:3 =
Snake:4 [   Vaults:1 *   Vaults:4 (   Vaults:5 !!?!!

Portals:
Hell: Depths:1 Depths:2 Depths:3 Depths:4
Abyss: Depths:1 Depths:3 Depths:4
Pandemonium: Depths:2 Depths:4
Ziggurat: Depths:1

Annotations:
D:2 1 runed translucent door, Crazy Yiuf
Zot:1 2 transporters, Vaid's ghost, master GnFi


Innate Abilities, Weirdness & Mutations

You are a fearsome dragon!
You have a powerful clawing attack.
Your giant scaled body is strong and resiliant, but less evasive.
You can breathe fire.
You are flying.
Your maximum health is greatly increased.
Your armour is entirely melded.
You are incapable of wielding weapons or throwing items.
((Your serpentine skin is tough. (AC +9)))
You have supernaturally acute eyesight. (SInv)
((Armour fits poorly on your strangely shaped body.))
((Your system is resistant to poisons. (rPois)))
((You cover ground very slowly.))
You can spit poison.
((You can use your snake-like lower body to constrict enemies.))
((Your flesh is heat resistant. (rF+)))
You are robust. (+10% HP)
You are occasionally teleported next to monsters.


Message History

You maul the sun demon!!!
The sun demon is almost dead.
The balrug hits you but does no damage. The sun demon closely misses you.
The sun demon completely misses you. The sun demon barely misses you.
You barely miss the balrug. You tail-slap the balrug! You claw the balrug!!!
You bite the balrug, but do no damage.
The balrug is almost dead.
You maul the balrug!!!!
You feel a bit better.
You kill the balrug!
Cheibriados thoroughly appreciates the change of pace.
The sun demon completely misses you. x3
You maul the sun demon!!!!!
You feel a bit better.
You kill the sun demon!
Cheibriados appreciates the change of pace.
You maul the sun demon!!!!!
You feel a bit better.
You kill the sun demon!
Cheibriados thoroughly appreciates the change of pace.
You roar as the wereblood boils in your veins!
The sun demon closely misses you. x2
You completely miss the sun demon.
Your tail-slap misses the sun demon.
The sun demon misses you. The sun demon completely misses you.
You maul the sun demon!!!!!
You feel a bit better.
You kill the sun demon!
Cheibriados thoroughly appreciates the change of pace.
You hear a shout!
You maul the sun demon!!!
You tail-slap the sun demon, but do no damage.
You claw the sun demon!!
You kill the sun demon!
Cheibriados appreciates the change of pace.
You hear a grinding noise.
You are a fearsome dragon!
Your melee attacks are strengthened by your wereblood.
You are flying.
You are lightly contaminated with residual magic.
You are studying Axes, Ranged Weapons, Armour and Fire Magic.
Your flying speed is very slow.
Your attack delay is about 0.5.
Your damage rating with unarmed combat is about 240 (Base [38 + 27 (UC)] x 250% (Str) x 145% (Fight) + 5 (Slay)).
Your base attributes are Str 25, Int 14, Dex 13.
You have escaped!

.....# #######
....########.....############# #
.............................# ##
.............................###.
.....#####.#####.#####.#####.##..
......###...###...###...###..#...
.......#.....#.....#.....#.......
........#####..)....#####.......#
###......###....D....###.........
#.......#...........#.........)
###.......#####.#####.....#.....
#....#.....###...###.........##.
#....##.....#.....#.......######
#............#####........# #
##....##.......###.......### #
......###.......#.).....#########
#######..........................


There were no monsters in sight!

Vanquished Creatures
  the Royal Jelly (Slime:5)
  5 dread liches
  6 orbs of fire
  Mara (Vaults:4)
  3 ancient liches
  A juggernaut (Abyss:3)
  The ghost of Cemmere the Wrestler, a veteran TrCK of Xom (Zot:2)
  Parghit (Depths:3)
  10 Killer Klowns
  A shard shrike (IceCv)
  Vashnia (Snake:2)
  Saint Roka (Orc:2)
  Xtahua (Vaults:2)
  4 pandemonium lords
  3 curse toes
  Nikola (Vaults:1)
  9 golden dragons
  Jory (Depths:4)
  A profane servitor (Crypt:3)
  A bone dragon (Depths:4)
  19 tentacled monstrosities
  9 electric golems
  A Tzitzimitl (Zot:1)
  A Brimstone Fiend (D:8)
  Rupert (Orc:2)
  A walking crystal tome (Depths:3)
  3 Ice Fiends
  27 Orb Guardians
  A walking earthen tome (Depths:3)
  2 liches
  4 titans
  2 walking divine tomes (WizLab)
  10 quicksilver dragons
  2 deep elf master archers (Elf:3)
  2 deep elf blademasters (Elf:3)
  7 ancient champions (Crypt:3)
  12 acid blobs
  2 Executioners
  Frances (Elf:1)
  6 sphinxes
  10 death cobs
  5 tentacled starspawn
  6 shadow dragons
  16 storm dragons
  3 revenants
  7 tengu reavers
  8 fire giants
  14 draconian monks
  An azure jelly (Slime:4)
  Roxanne (D:15)
  3 rockslimes
  7 draconian knights
  17 frost giants
  10 draconian scorchers
  2 imperial myrmidons (Desolation)
  3 nagarajas (Snake:4)
  17 vault wardens
  5 deep elf sorcerers (Elf:3)
  An iron dragon (Vaults:5)
  6 deep elf elementalists (Elf:3)
  2 balrugs
  5 draconian stormcallers
  6 draconian shifters
  An orc warlord (Orc:2)
  The ghost of Rej Xiax the Severer, a journeyman HOFi of Gozag (Lair:5)
  2 curse skulls (Crypt:3)
  Aizul (Snake:4)
  An angel (Abyss:3)
  30 ironbound preservers
  5 quicksilver oozes
  A war gargoyle (Vaults:3)
  6 very ugly things
  2 formless jellyfish (Vaults:4)
  A cacodemon (Zot:1)
  8 draconian annihilators
  2 spriggan defenders
  A juggernaut skeleton (Crypt:3)
  14 stone giants
  4 ophanim (Abyss:3)
  11 green draconians
  10 vampire knights
  11 ironbound thunderhulks
  Nessos (D:13)
  3 deep elf demonologists (Elf:3)
  4 deep elf annihilators (Elf:3)
  23 black draconians
  2 halazid warlocks (Desolation)
  21 red draconians
  3 demonspawn black suns (Zot:2)
  12 white draconians
  The ghost of Piadonn the Severer, a journeyman MiBe of Trog (Orc:1)
  10 spark wasps
  Azrael (Snake:1)
  15 purple draconians
  10 dire elephants
  13 yellow draconians
  10 ettins
  3 crystal guardians
  4 green deaths
  2 eidola
  2 mummy priests (Crypt:3)
  7 fire dragons
  10 deep elf death magi
  Josephine (D:12)
  2 blizzard demons
  9 merfolk javelineers
  4 jiangshi (Crypt:3)
  6 ragged hierophants (Desolation)
  9 merfolk impalers (Shoals:4)
  A great orb of eyes (shapeshifter) (D:13)
  18 yaktaur captains
  The ghost of Bimocov the Fighter, a journeyman DgFi (D:13)
  2 entropy weavers
  8 great orbs of eyes
  6 hydras
  4 servants of whispers (Desolation)
  7 deep elf high priests
  2 quicksilver dragon skeletons
  2 merfolk avatars
  9 ice dragons
  10 rakshasas
  5 salamander tyrants (Snake:4)
  11 peacekeepers
  34 vault guards
  A hell beast (Zot:5)
  17 ironbound frosthearts
  14 centaur warriors
  7 ogre magi
  A radroach (shapeshifter) (Vaults:5)
  An alligator snapping turtle (Shoals:3)
  5 catoblepae
  6 spriggan air magi
  11 anacondas
  5 merfolk aquamancers
  7 boulder beetles
  23 two-headed ogres
  Erica (D:9)
  7 death yaks
  2 death knights
  2 bennu skeletons
  The ghost of Lance11888 the Nimble, a journeyman KoAr of Ru (D:10)
  3 deep troll shamans
  A tengu warrior (D:14)
  8 vampire magi
  13 naga warriors
  10 spriggan berserkers
  The ghost of Ofeo the Slicer, a journeyman VSBr of Wu Jian (D:10)
  40 dancing weapons
  6 thrashing horrors
  3 deep troll earth magi
  5 shock serpents
  3 spriggans (Depths:3)
  17 naga sharpshooters
  The ghost of Leavold the Convoker, a journeyman DESu of Gozag (Lair:1)
  8 sun demons
  Amaemon (Lair:1)
  4 iron trolls
  The ghost of promet the Basher, a novice GrFi of Nemelex Xobeh (D:9)
  14 hell knights
  16 deep elf knights
  8 skeletal warriors
  3 shadow wraiths (Crypt:3)
  Lodul (D:13)
  4 soul eaters
  A salamander mystic (Snake:4)
  5 skysharks
  2 wretched stars
  2 sixfirhies
  2 cherubim (Abyss:3)
  8 sea snakes
  A glowing orange brain (shapeshifter) (D:14)
  11 deep elf archers
  2 shadow demons
  An orb spider (Abyss:1)
  A storm dragon skeleton (Crypt:3)
  A tengu zombie (Depths:1)
  A kraken simulacrum (Shoals:1)
  61 deep trolls
  4 spriggan simulacra (D:15)
  10 phantasmal warriors
  2 flayed ghosts (Crypt:3)
  A glowing orange brain (Depths:3)
  22 ironbound convokers
  An orange crystal statue (IceCv)
  20 harpies
  4 naga ritualists
  5 wizards
  11 lindwurms
  25 deep elf zephyrmancers
  6 orc knights
  7 necromancers
  A wolf spider zombie (Crypt:2)
  3 mana vipers
  2 wolf spiders (D:14)
  A faun (shapeshifter) (Depths:2)
  5 fauns
  27 deep elf pyromancers
  4 orc sorcerers
  22 ugly things
  10 cyclopes
  20 salamanders
  2 worldbinders
  16 manticores
  2 shining eyes (Slime:3)
  Maurice (Orc:2)
  8 guardian serpents
  10 elephants (Lair:4)
  24 moths of wrath
  8 merfolk sirens
  24 black mambas
  6 water nymphs
  3 stone giant skeletons (Vaults:3)
  18 vault sentinels
  19 naga magi
  An elephant (shapeshifter) (Vaults:5)
  3 smoke demons
  A black mamba (shapeshifter) (D:15)
  A toenail golem (D:7)
  6 orange demons
  A storm dragon simulacrum (Depths:1)
  2 eyes of devastation (Slime:5)
  2 torpor snails (Lair:2)
  A molten gargoyle (Desolation)
  A shock serpent skeleton (Crypt:1)
  2 cane toads (shapeshifter) (D:14)
  2 gargoyles (D:12)
  6 cane toads
  A yellow draconian zombie (Crypt:3)
  An alligator snapping turtle zombie (Crypt:3)
  Maggie (D:10)
  19 rime drakes
  2 unseen horrors
  2 kobold demonologists
  26 yaktaurs
  An ice devil (D:12)
  Psyche (D:8)
  A tormentor (D:15)
  An ancient zyme (Abyss:1)
  A tengu conjurer (Depths:3)
  An alligator snapping turtle skeleton (Crypt:3)
  4 guardian mummies (Crypt:3)
  A troll (shapeshifter) (Elf:1)
  A catoblepas skeleton (Crypt:3)
  5 freezing wraiths
  5 komodo dragons
  2 yaktaur skeletons
  An elf skeleton (Vaults:3)
  2 hellwings
  2 red devils
  A sea snake skeleton (Crypt:2)
  A merfolk (shapeshifter) (Depths:2)
  3 meliai (D:15)
  4 hornets (Depths:3)
  28 polar bears
  A queen bee (shapeshifter) (Vaults:5)
  32 merfolk
  10 trolls
  44 saltlings (Desolation)
  A tarantella (shapeshifter) (Depths:3)
  3 raiju (Abyss:3)
  3 wind drakes
  A dream sheep (shapeshifter) (Depths:1)
  19 blink frogs
  8 snapping turtles
  A snapping turtle (shapeshifter) (Vaults:2)
  45 slime creatures
  A satyr zombie (Crypt:3)
  2 death drake skeletons
  14 flying skulls
  A shadow (D:10)
  2 culicivoras (shapeshifter)
  A dire elephant simulacrum (D:15)
  An ettin skeleton (Crypt:3)
  2 wyverns
  An alligator skeleton (Crypt:2)
  A black mamba zombie (Crypt:3)
  3 centaur simulacra (D:15)
  3 vampires
  55 yaks
  3 air elementals
  A yak (shapeshifter) (Vaults:5)
  4 ynoxinuls
  20 water elementals
  7 large abominations
  An ushabti (Crypt:3)
  A basilisk (D:13)
  4 fire bats (Abyss:1)
  6 wraiths
  8 fire elementals
  A chaos spawn (Abyss:3)
  2 steam dragons (D:8)
  14 vampire mosquitoes
  3 redbacks
  2 sea snake simulacra (Shoals:1)
  2 starcursed masses (Abyss:1)
  3 alligator snapping turtle simulacra (Shoals:1)
  A redback (shapeshifter) (Depths:1)
  2 neqoxecs
  8 wargs
  2 minotaur simulacra (D:15)
  62 nagas
  A demonspawn zombie (Crypt:2)
  2 harpy simulacra (Shoals:1)
  An entropy weaver zombie (Crypt:2)
  A floating eye (shapeshifter) (D:14)
  A floating eye (Depths:4)
  9 water moccasins
  2 glowing shapeshifter skeletons (Vaults:3)
  6 hell hounds
  An ogre skeleton (Vaults:3)
  27 orc warriors
  An alligator simulacrum (D:15)
  4 ice beasts
  2 satyr simulacra (Shoals:1)
  38 ogres
  4 boggarts (D:14)
  12 wolves
  8 centaurs
  2 phantoms
  4 human skeletons (Vaults:3)
  8 small abominations
  6 kobold brigands
  9 bullfrogs
  A gnoll sergeant (D:9)
  5 merfolk simulacra (Shoals:1)
  6 scorpions
  2 salamander skeletons (Crypt:2)
  A wyvern zombie (Crypt:3)
  A cyclops skeleton (Crypt:3)
  3 earth elementals
  4 wights (D:7)
  2 jellies (D:5)
  A spectral ogre (Orc:1)
  A killer bee (shapeshifter) (Vaults:5)
  4 snapping turtle simulacra (Shoals:1)
  A manticore simulacrum (Shoals:1)
  22 killer bees
  3 electric eels (Elf:3)
  2 spriggan skeletons
  2 lava snakes (D:7)
  9 howler monkeys
  A wolf skeleton (Crypt:1)
  A quasit (D:12)
  A black bear zombie (Crypt:3)
  A gnoll bouda (D:5)
  18 orc priests
  2 cyclops simulacra (Shoals:1)
  3 hounds
  6 iguanas
  18 orc wizards
  A statue (D:12)
  A deep dwarf zombie (Crypt:1)
  A naga skeleton (Crypt:1)
  A hound skeleton (Crypt:3)
  13 gnolls
  6 adders
  2 ogre simulacra (Orc:1)
  A shadow imp (D:6)
  6 white imps
  5 ufetubi
  2 orc simulacra (Orc:1)
  4 worms
  3 dart slugs
  73 orcs
  7 endoplasms
  4 giant cockroaches
  5 goblins
  7 hobgoblins
  4 jackals (D:2)
  20 kobolds
  A quokka (D:3)
  6 ball pythons
  3 bats
  8 frilled lizards
  2 rats
  4 spectral orcs
  3 starspawn tentacles
  A tentacle (Shoals:1)
2499 creatures vanquished.

Vanquished Creatures (others)
  2 fire giants
  A deep elf pyromancer (Elf:1)
  A necromancer (Vaults:5)
  A moth of wrath (Zot:2)
  An air elemental (Elf:1)
  A spriggan (Depths:3)
  A neqoxec (Abyss:3)
  An orc wizard (Orc:1)
  4 ball lightnings (Elf:1)
  9 starspawn tentacles
  3 tentacles (Shoals:1)
25 creatures vanquished.

Grand Total: 2524 creatures vanquished

Notes
Turn   | Place    | Note
-------+----------+-------------------------------------------
     0 | D:1      | TittyCrusher the Naga Transmuter began the quest for the
                  | Orb.
     0 | D:1      | Reached XP level 1. HP: 18/18 MP: 3/3
   151 | D:1      | Reached XP level 2. HP: 25/25 MP: 5/5
   158 | D:1      | Learned a level 2 spell: Wereblood
   621 | D:2      | Reached XP level 3. HP: 31/31 MP: 6/6
   625 | D:2      | Learned a level 3 spell: Spider Form
   687 | D:2      | Reached skill level 1 in Poison Magic
  1086 | D:2      | Found a faded altar of an unknown god.
  1157 | D:2      | Found a runed translucent door.
  1158 | D:2      | Noticed Crazy Yiuf
  1416 | D:3      | Found a sparkling altar of Nemelex Xobeh.
  1421 | D:3      | Reached XP level 4. HP: 38/38 MP: 7/7
  1700 | D:3      | Identified the +0 robe "Ybiawiuxt" {Harm Int+2}
  2046 | D:4      | Noticed a phantom
  2071 | D:4      | Killed a phantom
  2072 | D:4      | Reached XP level 5. HP: 44/44 MP: 8/8
  2349 | D:4      | Reached skill level 5 in Poison Magic
  2372 | D:4      | Reached XP level 6. HP: 36/51 MP: 5/9
  2697 | D:4      | Reached skill level 5 in Transmutations
  2802 | D:5      | Entered Level 5 of the Dungeon
  2920 | D:5      | Noticed an ice beast
  2999 | D:5      | You fall into a shaft and drop 1 floor!
  3000 | D:6      | Gained mutation: You are dopey. (Int -2) [potion of
                  | mutation]
  3001 | D:6      | Lost mutation: You are dopey. (Int -2) [potion of mutation]
  3001 | D:6      | Gained mutation: You passively dampen the noise of your
                  | surroundings. [potion of mutation]
  3001 | D:6      | Gained mutation: Your body sometimes deteriorates upon
                  | taking damage. [potion of mutation]
  3001 | D:6      | Gained mutation: You have an increased reservoir of magic.
                  | (+10% MP) [potion of mutation]
  3001 | D:6      | Gained mutation: Your mind is acute. (Int +4, Str/Dex -1)
                  | [potion of mutation]
  3018 | D:6      | Reached XP level 7. HP: 24/57 MP: 8/11
  3613 | D:5      | Reached skill level 5 in Unarmed Combat
  3889 | D:5      | Found a hazy altar of Hepliaklqana.
  3931 | D:5      | Reached XP level 8. HP: 64/64 MP: 12/12
  4249 | D:5      | Found a staircase to the Ecumenical Temple.
  4255 | Temple   | Entered the Ecumenical Temple
  4312 | Temple   | Became a worshipper of Cheibriados the Contemplative
  5098 | D:6      | Learned a level 4 spell: Ice Form
  5678 | D:7      | Found a shadowy altar of Dithmenos.
  5797 | D:7      | Reached * piety under Cheibriados
  5982 | D:7      | Reached XP level 9. HP: 67/69 MP: 13/13
  6225 | D:7      | Reached skill level 10 in Unarmed Combat
  7615 | D:8      | Noticed Psyche
  7619 | D:8      | Killed Psyche
  7890 | D:8      | Reached ** piety under Cheibriados
  8144 | D:9      | Noticed a troll
  8154 | D:9      | Killed a troll
  8215 | D:9      | Reached XP level 10. HP: 78/78 MP: 10/14
  8267 | D:9      | Noticed a two-headed ogre
  8267 | D:9      | Noticed a two-headed ogre
  8267 | D:9      | Noticed a two-headed ogre
  8267 | D:9      | Noticed promet's ghost (novice GrFi)
  8268 | D:9      | Found a transporter.
  8268 | D:9      | Noticed a two-headed ogre
  8277 | D:9      | Found a transporter.
  8325 | D:9      | Noticed Erica
  8337 | D:9      | Killed Erica
  8436 | D:9      | Noticed a two-headed ogre
  8601 | D:9      | Killed a two-headed ogre
  8788 | D:9      | Reached *** piety under Cheibriados
  8950 | D:10     | Entered Level 10 of the Dungeon
  8962 | D:10     | Found a glowing golden altar of the Shining One.
  8970 | D:10     | Reached skill level 5 in Dodging
  8996 | D:10     | Found a runed translucent gate.
  8996 | D:10     | Found a runed translucent gate.
  8996 | D:10     | Found a runed translucent gate.
  8997 | D:10     | Noticed Lance11888's ghost (journeyman KoAr)
  8997 | D:10     | Noticed Ofeo's ghost (journeyman VSBr)
  9075 | D:10     | Reached **** piety under Cheibriados
  9108 | D:10     | Found a staircase to the Orcish Mines.
  9245 | D:10     | Reached skill level 1 in Invocations
  9398 | D:10     | Noticed Maggie
  9676 | D:9      | Reached XP level 11. HP: 84/84 MP: 11/15
  9761 | D:10     | Killed Maggie
  9919 | D:10     | Found a basalt altar of Yredelemnul.
  9975 | D:10     | Found a hide-covered altar of Uskayaw.
  9981 | D:10     | Reached skill level 5 in Invocations
 10311 | D:11     | Found a staircase to the Lair.
 10317 | Lair:1   | Entered Level 1 of the Lair of Beasts
 10670 | Lair:1   | Noticed Amaemon
 10812 | Lair:1   | Found a runed translucent door.
 10812 | Lair:1   | Noticed Leavold's ghost (journeyman DESu)
 10899 | Lair:1   | Reached ***** piety under Cheibriados
 11655 | Lair:2   | Reached XP level 12. HP: 100/100 MP: 12/19
 12065 | Lair:2   | Found a staircase to the Snake Pit.
 12125 | Lair:2   | Noticed a death yak
 12129 | Lair:2   | Noticed a death yak
 12132 | Lair:2   | Killed a death yak
 12142 | Lair:2   | Killed a death yak
 12143 | Lair:2   | Reached skill level 10 in Invocations
 12823 | Lair:3   | Noticed a skyshark
 12830 | Lair:3   | Killed a skyshark
 12965 | Lair:3   | Found a staircase to the Shoals.
 13293 | Lair:3   | Noticed a skyshark
 13301 | Lair:3   | Killed a skyshark
 13563 | Lair:3   | Identified the +3 leather armour of Contentment {Fly rElec
                  | Str-5 Int-5}
 13776 | Lair:4   | Found a viscous altar of Jiyva.
 13776 | Lair:4   | Found a staircase to the Slime Pits.
 13832 | Lair:4   | Noticed an eight-headed hydra
 13847 | Lair:4   | Killed an eight-headed hydra
 13848 | Lair:4   | Gained mutation: You can use your snake-like lower body to
                  | constrict enemies. [Naga growth]
 13848 | Lair:4   | Reached XP level 13. HP: 79/108 MP: 19/24
 14087 | Lair:4   | Reached ****** piety under Cheibriados
 15130 | Lair:5   | Entered Level 5 of the Lair of Beasts
 15130 | Lair:5   | Noticed Rej Xiax's ghost (journeyman HOFi)
 15130 | Lair:5   | Found a runed translucent door.
 15207 | Lair:5   | Reached skill level 15 in Unarmed Combat
 15498 | Lair:5   | Reached skill level 1 in Evocations
 16325 | Lair:5   | Reached skill level 5 in Evocations
 16581 | Lair:5   | Reached XP level 14. HP: 115/115 MP: 20/26
 17955 | D:12     | Noticed Josephine
 17965 | D:12     | Killed Josephine
 18244 | D:12     | Found a radiant altar of Vehumet.
 18697 | D:13     | Found Ameycuow's Antique Armour Boutique.
 18704 | D:13     | Bought a twisted robe for 182 gold pieces
 18704 | D:13     | Identified the +1 robe "Noythroma" {rElec rF- Str+4 Slay+3}
                  | (You bought it in a shop on level 13 of the Dungeon)
 19065 | D:13     | Noticed Lodul
 19075 | D:13     | Killed Lodul
 19419 | D:13     | Found Jobualis's Magic Scroll Shop.
 19426 | D:13     | Bought a scroll of acquirement for 728 gold pieces
 19426 | D:13     | Acquired 509 gold pieces
 19428 | D:13     | Bought a scroll of fear for 56 gold pieces
 19499 | D:13     | Found a runed translucent door.
 19506 | D:13     | Noticed Bimocov's ghost (journeyman DgFi)
 19560 | D:13     | Reached skill level 5 in Ice Magic
 19715 | D:13     | Found a gate to the Vaults.
 19952 | D:13     | Found Ceop's Book Shoppe.
 19956 | D:13     | Bought a book of the Dragon for 644 gold pieces
 19964 | D:13     | Learned a level 7 spell: Dragon Form
 20082 | D:13     | Noticed Nessos
 20093 | D:13     | Killed Nessos
 20143 | D:13     | Killed Bimocov's ghost
 20548 | D:9      | Killed promet's ghost
 21816 | D:14     | Reached XP level 15. HP: 121/121 MP: 21/27
 22732 | D:14     | Identified the +1 ring mail "Jugu" {rC- rCorr Dex+10
                  | Slay-2}
 22836 | D:14     | Identified the +3 chain mail "Nimiham" {rC+ Str-5 Dex+3}
 23247 | D:15     | Entered Level 15 of the Dungeon
 23248 | D:15     | Found a basalt altar of Yredelemnul.
 23375 | D:15     | Found a frozen archway.
 23487 | IceCv    | Entered an ice cave
 23725 | IceCv    | Reached skill level 10 in Dodging
 24107 | IceCv    | Noticed a shard shrike
 24125 | IceCv    | Killed a shard shrike
 24126 | IceCv    | Reached XP level 16. HP: 106/129 MP: 10/28
 24563 | D:15     | Reached skill level 10 in Transmutations
 24767 | D:15     | Got the Precepts of Dark Silt
 25179 | D:15     | Noticed Roxanne
 25241 | D:15     | Killed Roxanne
 25565 | D:14     | Learned a level 6 spell: Statue Form
 25659 | D:15     | Reached skill level 1 in Earth Magic
 25700 | D:15     | Found a staircase to the Depths.
 25907 | Snake:1  | Entered Level 1 of the Snake Pit
 26227 | Snake:1  | Noticed Azrael
 26255 | Snake:1  | Killed Azrael
 26256 | Snake:1  | Reached skill level 5 in Earth Magic
 27052 | Snake:1  | Identified the +11 trident "Zitiuzit" {heavy, rF+ Str+2
                  | SInv}
 27418 | Snake:2  | Noticed Vashnia
 27940 | Snake:2  | Reached XP level 17. HP: 135/135 MP: 22/29
 28006 | Snake:2  | Reached skill level 10 in Earth Magic
 28018 | Snake:2  | Killed Vashnia
 28487 | Snake:2  | Identified the +8 chain mail of Moral Flaws {+Blink rC+
                  | rCorr}
 28921 | Snake:3  | Found a bloodstained altar of Trog.
 29211 | Snake:3  | Found Egiasuim's Jewellery Emporium.
 29264 | Snake:3  | Reached skill level 1 in Shields
 29619 | Snake:4  | Entered Level 4 of the Snake Pit
 29841 | Snake:4  | Found Orghad Ducec's Antique Armour Shoppe.
 30023 | Orc:1    | Entered Level 1 of the Orcish Mines
 30043 | Orc:1    | You fall into a shaft and drop 1 floor!
 30043 | Orc:2    | Entered Level 2 of the Orcish Mines
 30100 | Orc:2    | Found a staircase to the Elven Halls.
 30125 | Orc:2    | Noticed Rupert
 30149 | Orc:2    | Killed Rupert
 30261 | Orc:2    | Noticed Maurice
 30265 | Orc:2    | Killed Maurice
 30302 | Orc:2    | Reached skill level 5 in Shields
 30532 | Orc:2    | Found Jyruell's Assorted Antiques.
 30532 | Orc:2    | Found Saonad's General Store.
 30538 | Orc:2    | Found Gavis's Assorted Antiques.
 30538 | Orc:2    | Found Neijos's Distillery.
 30771 | Orc:2    | Noticed Saint Roka
 30785 | Orc:2    | Killed Saint Roka
 31326 | Orc:1    | Found a runed translucent gate.
 31326 | Orc:1    | Found a runed translucent gate.
 31328 | Orc:1    | Found a runed translucent gate.
 31352 | Orc:1    | Noticed Piadonn's ghost (journeyman MiBe)
 31370 | Orc:1    | Killed Piadonn's ghost
 31390 | Orc:1    | Learned a level 1 spell: Apportation
 32035 | Snake:4  | Reached skill level 5 in Fighting
 32148 | Snake:4  | Reached XP level 18. HP: 145/145 MP: 30/30
 32540 | Snake:4  | Noticed Aizul
 32546 | Snake:4  | Killed Aizul
 32824 | Snake:4  | Reached skill level 10 in Fighting
 32844 | Snake:4  | Got a serpentine rune of Zot
 33462 | Orc:2    | Bought a scroll of enchant armour for 217 gold pieces
 33992 | Elf:1    | Entered Level 1 of the Elven Halls
 34070 | Elf:1    | Learned a level 2 spell: Lesser Beckoning
 34103 | Elf:1    | Reached skill level 1 in Translocations
 34157 | Elf:1    | Found Sunax's Weapon Emporium.
 35114 | Elf:1    | Paralysed by an air elemental for 1 turns
 35261 | Elf:1    | Noticed Frances
 35270 | Elf:1    | Killed Frances
 35434 | Elf:1    | Identified the ring of the Komtur {EV+5 Str+3}
 35995 | Elf:2    | Found Kogiulua's General Store.
 36012 | Elf:2    | Bought a scroll of teleportation for 45 gold pieces
 36012 | Elf:2    | Bought a scroll of teleportation for 45 gold pieces
 36012 | Elf:2    | Bought a scroll of enchant armour for 112 gold pieces
 36112 | Elf:2    | Found a runed translucent gate.
 36112 | Elf:2    | Found a runed translucent gate.
 36112 | Elf:2    | Found a runed translucent gate.
 36239 | Elf:2    | Reached XP level 19. HP: 168/168 MP: 25/31
 36740 | Elf:3    | Entered Level 3 of the Elven Halls
 37096 | Elf:3    | Paralysed by an air elemental for 1 turns
 37145 | Elf:3    | Reached skill level 15 in Transmutations
 37597 | Elf:3    | Noticed a Hell Sentinel
 37891 | Elf:3    | Identified the +9 plate armour of Sabrips {Regen+ rCorr
                  | Dex+5 Stlth+}
 37891 | Elf:3    | Identified the ring "Tantyux" {rF+++ rC++ EV+5 Str-2 Dex-3}
 38035 | Elf:3    | Found the +27 heavy crossbow "Sniper" {heavy, Acc+∞ SInv}
 38040 | Elf:3    | Identified the ring of the Garden {Will+ Int+6}
 38052 | Elf:3    | Identified the staff of conjuration "Ulaitt Zuda" {rCorr}
 38093 | Elf:3    | Identified the +6 hand axe of Iresip {heavy, rF++ Int+4}
 38107 | Elf:3    | Got the Writings on Mortuary Leadership
 38210 | Elf:3    | Identified the +3 leather armour of Sorogo {rPois}
 38210 | Elf:3    | Identified the amulet "Daiq" {RegenMP rPois Str+8 Stlth-}
 38212 | Elf:3    | Noticed a Brimstone Fiend
 38584 | Elf:2    | Acquired the +1 hat of the Ecumenical Temple {rPois rN+}
 39037 | Shoals:1 | Entered Level 1 of the Shoals
 39240 | Shoals:1 | Found Otwamama's Armour Boutique.
 39338 | Shoals:1 | Reached XP level 20. HP: 176/176 MP: 32/32
 39590 | Shoals:1 | Found a runed translucent gate.
 39591 | Shoals:1 | Found a runed translucent gate.
 39592 | Shoals:1 | Found a runed translucent gate.
 39659 | Shoals:1 | Identified the +6 spear of Awkwardness {heavy, *Corrode rC+
                  | SInv}
 40441 | Shoals:2 | Found the +8 arc blade {discharge, rElec}
 41238 | Shoals:3 | Found Mimierr's Weapon Boutique.
 41565 | Shoals:4 | Entered Level 4 of the Shoals
 42161 | Shoals:4 | Got a barnacled rune of Zot
 42918 | Vaults:1 | Entered Level 1 of the Vaults
 43009 | Vaults:1 | Found a crumbling gateway.
 43060 | Desolati | Entered the Desolation of Salt
 43174 | Desolati | Reached XP level 21. HP: 183/183 MP: 33/33
 43195 | Desolati | Identified the ring "Siastraxu" {Will++ SInv}
 43254 | Desolati | Got the Parchment of Bolts and Fever
 43256 | Desolati | Identified the ring "Coguz" {rF+ rC+ MP+9}
 43262 | Desolati | Got the Omnibus of Guile and Dislocation
 43329 | Desolati | Got the Annotations on the Combustive Undead
 43331 | Desolati | Identified the ring of Deeqitwe {Contam rPois EV+5 Str+2}
 43335 | Desolati | Identified the ring "Qiazaosch" {rN++ AC+4 Dex+3}
 43349 | Desolati | Got the Tractate on the Hornet and Forms
 43375 | Desolati | Identified the +8 rapier of Resourcefulness {venom, Int+3}
 44510 | Vaults:1 | Noticed Nikola
 44519 | Vaults:1 | Killed Nikola
 44884 | Vaults:1 | Found Jaef's General Store.
 45713 | Vaults:2 | Reached XP level 22. HP: 198/198 MP: 24/34
 46346 | Vaults:2 | Reached skill level 15 in Fighting
 46441 | Vaults:2 | Noticed Xtahua
 46442 | Vaults:2 | Paralysed by Xtahua for 4 turns
 46449 | Vaults:2 | Killed Xtahua
 47437 | Vaults:3 | Found a staircase to the Crypt.
 47494 | Crypt:1  | Entered Level 1 of the Crypt
 48226 | Crypt:1  | Identified the +2 broad axe "Iginuh" {freeze, *Noise rCorr
                  | Dex+3}
 48614 | Crypt:3  | Entered Level 3 of the Crypt
 48720 | Crypt:3  | Reached XP level 23. HP: 188/219 MP: 35/35
 48760 | Crypt:3  | Found a staircase to the Tomb.
 48966 | Crypt:3  | Found the +8 demon blade "Leech" {evervamp, Harm Drain rN+}
 49119 | Crypt:3  | Found an ancient bone altar of Kikubaaqudgha.
 49119 | Crypt:3  | Found a basalt altar of Yredelemnul.
 49119 | Crypt:3  | Noticed a curse toe
 49130 | Crypt:3  | Killed a curse toe
 49208 | Crypt:3  | Identified the +1 falchion of Qawnier {heavy, rElec Will-
                  | rCorr SInv}
 50038 | Vaults:4 | Noticed Mara
 50049 | Vaults:4 | Noticed TittyCrusher's illusion
 50165 | Vaults:4 | Noticed TittyCrusher's illusion
 50166 | Vaults:4 | Killed Mara
 50256 | Vaults:4 | Reached skill level 15 in Dodging
 51107 | Vaults:4 | Found Zat Idal's Weapon Boutique.
 51649 | Depths:1 | Entered Level 1 of the Depths
 51691 | Depths:1 | Found a magical portal.
 51705 | WizLab   | Entered Tukima's Studio
 51810 | WizLab   | Identified the +0 longbow "Fedel" {speed, Int+3 SInv}
 52069 | Depths:1 | Reached XP level 24. HP: 229/229 MP: 35/35
 52093 | Depths:1 | Found a one-way gateway to a ziggurat.
 52096 | Depths:1 | Found a corrupted altar of Lugonu.
 52097 | Depths:1 | Found a one-way gate to the infinite horrors of the Abyss.
 52129 | Depths:1 | Identified the +7 dagger of Chance {freeze, Will+}
 52328 | Depths:1 | Found a gateway to Hell.
 53366 | Depths:2 | Found a one-way gate leading to the halls of Pandemonium.
 53973 | Depths:3 | Found an ancient bone altar of Kikubaaqudgha.
 54112 | Depths:3 | Noticed a dread lich
 54121 | Depths:3 | Killed a dread lich
 54612 | Depths:3 | Found a runed translucent door.
 54689 | Depths:3 | Identified the staff of air "Yrheaw" {rElec Dex+7 Stlth+}
 54806 | Depths:4 | Entered Level 4 of the Depths
 54806 | Depths:4 | Noticed Parghit
 54922 | Depths:3 | Killed Parghit
 55176 | Depths:4 | Reached XP level 25. HP: 236/236 MP: 30/35
 55417 | Depths:4 | Reached skill level 27 in Unarmed Combat
 55705 | Depths:4 | Found a gate to the Realm of Zot.
 55706 | Depths:4 | Noticed Jory
 55775 | Depths:4 | Killed Jory
 56587 | Vaults:5 | Entered Level 5 of the Vaults
 56633 | Vaults:5 | Learned a level 8 spell: Necromutation
 56756 | Vaults:5 | Noticed a dread lich
 56763 | Vaults:5 | Killed a dread lich
 56781 | Vaults:5 | Identified the +3 shortbow of Res Nullius {drain, Fragile
                  | Int+5 Dex+3}
 56839 | Vaults:5 | Identified the +1 sling of Ethrauz {heavy, Will+}
 56954 | Vaults:5 | Found Xunwoow's Distillery.
 56973 | Vaults:5 | Found Yguemez's Distillery.
 56990 | Vaults:5 | Found Tyaseklai's Distillery.
 56991 | Vaults:5 | Found Plog's Magic Scroll Boutique.
 57022 | Vaults:5 | Found Taiggir's Distillery.
 57048 | Vaults:5 | Found Lisop's Distillery.
 57085 | Vaults:5 | Identified the +0 leather armour of the Stars {rElec rC+
                  | Int+4 Slay-4}
 57133 | Vaults:5 | Reached XP level 26. HP: 259/259 MP: 35/35
 57294 | Vaults:5 | Identified the +2 whip of Floods {antimagic, rC+ rN+ Int+4}
 57303 | Vaults:5 | Got a silver rune of Zot
 57355 | Vaults:5 | Identified the staff of earth "Kozured" {Str+3}
 57399 | Vaults:5 | Identified the +0 scale mail of Kylyot {rF+ Int+3}
 58461 | Vaults:5 | Bought a potion of curing for 39 gold pieces
 58461 | Vaults:5 | Bought a potion of heal wounds for 65 gold pieces
 58461 | Vaults:5 | Bought a potion of curing for 39 gold pieces
 58461 | Vaults:5 | Bought a potion of resistance for 130 gold pieces
 58461 | Vaults:5 | Bought a potion of heal wounds for 65 gold pieces
 58461 | Vaults:5 | Bought 2 potions of curing for 78 gold pieces
 58479 | Vaults:5 | Bought a potion of invisibility for 120 gold pieces
 58479 | Vaults:5 | Bought a potion of curing for 45 gold pieces
 58479 | Vaults:5 | Bought a potion of heal wounds for 75 gold pieces
 58479 | Vaults:5 | Bought 2 potions of invisibility for 240 gold pieces
 58479 | Vaults:5 | Bought a potion of resistance for 150 gold pieces
 58870 | Orc:2    | Bought a potion of curing for 51 gold pieces
 58870 | Orc:2    | Bought a potion of cancellation for 136 gold pieces
 58870 | Orc:2    | Bought a potion of cancellation for 136 gold pieces
 58870 | Orc:2    | Bought a potion of curing for 51 gold pieces
 58870 | Orc:2    | Bought 2 potions of ambrosia for 272 gold pieces
 58870 | Orc:2    | Bought a potion of curing for 51 gold pieces
 59252 | Vaults:5 | Bought a potion of curing for 51 gold pieces
 59252 | Vaults:5 | Bought a potion of ambrosia for 136 gold pieces
 59252 | Vaults:5 | Bought a potion of curing for 51 gold pieces
 59252 | Vaults:5 | Bought a potion of cancellation for 136 gold pieces
 59252 | Vaults:5 | Bought a potion of might for 68 gold pieces
 59252 | Vaults:5 | Bought a potion of lignification for 51 gold pieces
 59252 | Vaults:5 | Bought a potion of attraction for 51 gold pieces
 59266 | Vaults:5 | Bought a potion of curing for 54 gold pieces
 59266 | Vaults:5 | Bought a potion of curing for 54 gold pieces
 59266 | Vaults:5 | Bought a potion of mutation for 144 gold pieces
 59266 | Vaults:5 | Bought a potion of curing for 54 gold pieces
 59266 | Vaults:5 | Bought a potion of enlightenment for 90 gold pieces
 59266 | Vaults:5 | Bought a potion of curing for 54 gold pieces
 59266 | Vaults:5 | Bought a potion of curing for 54 gold pieces
 59266 | Vaults:5 | Bought a potion of curing for 54 gold pieces
 59266 | Vaults:5 | Bought a potion of curing for 54 gold pieces
 59284 | Vaults:5 | Bought a potion of might for 88 gold pieces
 59284 | Vaults:5 | Bought a potion of resistance for 220 gold pieces
 59284 | Vaults:5 | Bought a potion of resistance for 220 gold pieces
 59284 | Vaults:5 | Bought a potion of heal wounds for 110 gold pieces
 59284 | Vaults:5 | Bought a potion of curing for 66 gold pieces
 59671 | Snake:4  | Bought a pair of slimy gloves for 266 gold pieces
 59671 | Snake:4  | Identified the +1 pair of gloves of Happiness {rC++} (You
                  | bought it in a shop on level 4 of the Snake Pit)
 59923 | Orc:2    | Bought a crude ring mail for 216 gold pieces
 59923 | Orc:2    | Identified the +1 ring mail of the Earth {*Corrode rPois
                  | Slay+4} (You bought it in a shop on level 2 of the Orcish
                  | Mines)
 59923 | Orc:2    | Bought a potion of curing for 72 gold pieces
 59923 | Orc:2    | Bought a scroll of teleportation for 72 gold pieces
 60097 | Slime:1  | Entered Level 1 of the Pits of Slime
 60303 | Slime:5  | Entered Level 5 of the Pits of Slime
 60326 | Slime:5  | Noticed the Royal Jelly
 60336 | Slime:5  | Killed the Royal Jelly
 60404 | Slime:5  | Got a slimy rune of Zot
 60417 | Slime:5  | Found the +8 trishula "Condemnation" {holy, anguish, *Noise
                  | Fly rN+}
 60460 | Slime:5  | Got the Octavo of Azure Modification
 60467 | Slime:5  | Identified the ring of Kindness {rPois MP+9 Str+3}
 60468 | Slime:5  | Identified the +1 chain mail of the Unseen Realm {rCorr
                  | Stlth+}
 60800 | Depths:1 | Voluntarily entered the Abyss.
 60900 | Abyss:1  | Reached skill level 1 in Stealth
 60934 | Abyss:1  | Learned a level 2 spell: Sublimation of Blood
 60994 | Abyss:1  | Found a corrupted altar of Lugonu.
 61000 | Abyss:1  | Found a corrupted altar of Lugonu.
 61000 | Abyss:1  | Found a corrupted altar of Lugonu.
 61000 | Abyss:1  | Found a corrupted altar of Lugonu.
 61017 | Abyss:1  | Found a corrupted altar of Lugonu.
 61034 | Abyss:1  | Found a corrupted altar of Lugonu.
 61034 | Abyss:1  | Found a corrupted altar of Lugonu.
 61182 | Abyss:2  | Reached skill level 5 in Stealth
 61499 | Abyss:3  | Found a glowing golden altar of the Shining One.
 61505 | Abyss:3  | Reached skill level 10 in Stealth
 61511 | Abyss:3  | Noticed a juggernaut
 61516 | Abyss:3  | Killed a juggernaut
 61520 | Abyss:3  | Got an abyssal rune of Zot
 61526 | Abyss:4  | Found a corrupted altar of Lugonu.
 61535 | Depths:1 | Escaped the Abyss
 61666 | Zot:1    | Entered Level 1 of the Realm of Zot
 61940 | Zot:1    | Found a transporter.
 61940 | Zot:1    | Noticed Vaid's ghost (master GnFi)
 62005 | Zot:1    | Found a transporter.
 62118 | Zot:1    | Reached skill level 15 in Stealth
 62253 | Zot:1    | Noticed an orb of fire
 62259 | Zot:1    | Killed an orb of fire
 63232 | D:10     | Killed Ofeo's ghost
 63233 | D:10     | Killed Lance11888's ghost
 63458 | Lair:1   | Killed Leavold's ghost
 63464 | Lair:1   | Acquired the amulet "Taenlum" {RegenMP +Inv rElec Regen+}
 63494 | Lair:1   | Killed Amaemon
 63617 | Lair:5   | Killed Rej Xiax's ghost
 64088 | Zot:2    | Acquired 645 gold pieces
 64111 | Zot:2    | Noticed Cemmere's ghost (veteran TrCK)
 64111 | Zot:2    | Identified the +0 cloak of Existentialism {Rampage rElec
                  | rF++}
 64112 | Zot:2    | Found the +7 great mace "Firestarter" {flame, immolate,
                  | rFlCloud rF++}
 64115 | Zot:2    | Found a bloodstained altar of Trog.
 64124 | Zot:2    | Identified the +1 cloak "Jeeciat" {Fly rPois}
 64131 | Zot:2    | Found a transporter.
 64288 | Zot:2    | Found a transporter.
 64420 | Zot:2    | Reached XP level 27. HP: 233/272 MP: 35/35
 64777 | Zot:2    | Noticed an orb of fire
 64792 | Zot:2    | Killed an orb of fire
 64814 | Zot:2    | Identified the +1 dagger of the Gnat {drain, rC+ Will+
                  | Str-3 Int+5}
 64815 | Zot:2    | Got the Directory of The Black Sun
 64940 | Zot:2    | Killed Cemmere's ghost
 65546 | Zot:3    | Found a huge runed gate.
 65546 | Zot:3    | Found a huge runed gate.
 65546 | Zot:3    | Found a huge runed gate.
 65547 | Zot:3    | Found a huge runed gate.
 65548 | Zot:3    | Found a huge runed gate.
 65548 | Zot:3    | Found a huge runed gate.
 65548 | Zot:3    | Found a huge runed gate.
 65548 | Zot:3    | Found a huge runed gate.
 65548 | Zot:3    | Found a huge runed gate.
 65549 | Zot:3    | Found a huge runed gate.
 65549 | Zot:3    | Found a huge runed gate.
 65550 | Zot:3    | Found a huge runed gate.
 65551 | Zot:3    | Found a huge runed gate.
 65552 | Zot:3    | Found a huge runed gate.
 65553 | Zot:3    | Found a huge runed gate.
 65585 | Zot:3    | Found a huge runed gate.
 65585 | Zot:3    | Found a huge runed gate.
 65585 | Zot:3    | Found a huge runed gate.
 65585 | Zot:3    | Found a huge runed gate.
 65585 | Zot:3    | Found a huge runed gate.
 65585 | Zot:3    | Found a huge runed gate.
 65586 | Zot:3    | Found a huge runed gate.
 65587 | Zot:3    | Found a huge runed gate.
 65588 | Zot:3    | Found a huge runed gate.
 65597 | Zot:3    | Found a huge runed gate.
 65597 | Zot:3    | Found a huge runed gate.
 65597 | Zot:3    | Found a huge runed gate.
 65597 | Zot:3    | Found a huge runed gate.
 65597 | Zot:3    | Found a huge runed gate.
 65597 | Zot:3    | Found a huge runed gate.
 65597 | Zot:3    | Found a huge runed gate.
 65598 | Zot:3    | Found a huge runed gate.
 65607 | Zot:3    | Found a huge runed gate.
 65615 | Zot:3    | Found a huge runed gate.
 65615 | Zot:3    | Found a huge runed gate.
 65615 | Zot:3    | Found a huge runed gate.
 66069 | Zot:3    | Noticed an orb of fire
 66069 | Zot:3    | Noticed a dread lich
 66069 | Zot:3    | Noticed an ancient lich
 66069 | Zot:3    | Noticed an ancient lich
 66071 | Zot:3    | Gained mutation: You have hidden genetic defects. [an orb
                  | of fire]
 66074 | Zot:3    | Killed an orb of fire
 66076 | Zot:3    | Killed an ancient lich
 66090 | Zot:3    | Killed a dread lich
 66609 | Zot:4    | Gained mutation: You are vulnerable to cold. (rC-) [hidden
                  | defects]
 67042 | Zot:4    | Identified the +5 pair of gloves "Rofothroh" {-Cast rPois
                  | Regen+ Slay+3}
 67415 | Zot:4    | Gained mutation: You are weak. (Str -2) [hidden defects]
 67415 | Zot:4    | Lost mutation: You have hidden genetic defects. [hidden
                  | defects expressed]
 67426 | Zot:4    | Lost mutation: You are weak. (Str -2) [potion of mutation]
 67426 | Zot:4    | Lost mutation: You passively dampen the noise of your
                  | surroundings. [potion of mutation]
 67426 | Zot:4    | Gained mutation: You sometimes lose your temper in combat.
                  | [potion of mutation]
 67426 | Zot:4    | Gained mutation: You are partially covered in iridescent
                  | scales. (AC +2) [potion of mutation]
 67426 | Zot:4    | Gained mutation: You have hidden genetic potential. [potion
                  | of mutation]
 67427 | Zot:4    | Lost mutation: Your body sometimes deteriorates upon taking
                  | damage. [potion of mutation]
 67427 | Zot:4    | Lost mutation: You have hidden genetic potential. [potion
                  | of mutation]
 67427 | Zot:4    | Gained mutation: You occasionally lose the ability to drink
                  | potions when taking damage. [potion of mutation]
 67427 | Zot:4    | Lost mutation: You have an increased reservoir of magic.
                  | (+10% MP) [potion of mutation]
 67427 | Zot:4    | Gained mutation: Your muscles are strong. (Str +4, Int/Dex
                  | -1) [potion of mutation]
 67428 | Zot:4    | Lost mutation: You are partially covered in iridescent
                  | scales. (AC +2) [potion of mutation]
 67428 | Zot:4    | Lost mutation: You occasionally lose the ability to drink
                  | potions when taking damage. [potion of mutation]
 67428 | Zot:4    | Lost mutation: Your muscles are strong. (Str +4, Int/Dex
                  | -1) [potion of mutation]
 67429 | Zot:4    | Lost mutation: You are vulnerable to cold. (rC-) [potion of
                  | mutation]
 67429 | Zot:4    | Lost mutation: Your mind is acute. (Int +4, Str/Dex -1)
                  | [potion of mutation]
 67429 | Zot:4    | Lost mutation: You sometimes lose your temper in combat.
                  | [potion of mutation]
 67429 | Zot:4    | Gained mutation: You passively dampen the noise of your
                  | surroundings. [potion of mutation]
 67563 | Zot:4    | Identified the +5 ring mail of Nooned {+Blink rElec Will++
                  | Dex-5}
 68974 | Zot:5    | Entered Level 5 of the Realm of Zot
 69326 | Zot:5    | Noticed a dread lich
 69335 | Zot:5    | Killed a dread lich
 69510 | Zot:5    | Noticed an ancient lich
 69510 | Zot:5    | Noticed an orb of fire
 69516 | Zot:5    | Killed an orb of fire
 69518 | Zot:5    | Killed an ancient lich
 69525 | Zot:5    | Noticed a dread lich
 69530 | Zot:5    | Killed a dread lich
 69628 | Zot:5    | Noticed an orb of fire
 69636 | Zot:5    | Killed an orb of fire
 69651 | Zot:5    | Reached skill level 27 in Fighting
 69672 | Zot:5    | Noticed an orb of fire
 69674 | Zot:5    | Killed an orb of fire
 69876 | Zot:5    | Noticed an ancient lich
 69879 | Zot:5    | Killed an ancient lich
 70144 | Zot:5    | Got the Orb of Zot
 70201 | Zot:3    | Reached skill level 1 in Necromancy
 70293 | Depths:4 | Noticed Qyar the pandemonium lord
 70349 | Depths:2 | Noticed Zasudd the pandemonium lord
 70352 | Depths:2 | Killed Zasudd the pandemonium lord
 70501 | D:12     | Noticed Koofuuh the pandemonium lord
 70503 | D:12     | Killed Koofuuh the pandemonium lord
 70504 | D:12     | Reached skill level 5 in Necromancy
 70576 | D:9      | Noticed Inopyu the pandemonium lord
 70579 | D:9      | Killed Inopyu the pandemonium lord
 70800 | D:2      | Noticed Kiuntata the pandemonium lord
 70809 | D:2      | Killed Kiuntata the pandemonium lord
 70914 | D:1      | Lost mutation: You passively dampen the noise of your
                  | surroundings. [potion of mutation]
 70914 | D:1      | Gained mutation: You have a pair of small horns on your
                  | head. [potion of mutation]
 70914 | D:1      | Gained mutation: You are strong-willed. (Will+) [potion of
                  | mutation]
 70915 | D:1      | Lost mutation: You have a pair of small horns on your head.
                  | [potion of mutation]
 70915 | D:1      | Lost mutation: You are strong-willed. (Will+) [potion of
                  | mutation]
 70915 | D:1      | Gained mutation: You are agile. (Dex +4, Str/Int -1)
                  | [potion of mutation]
 70915 | D:1      | Lost mutation: You are agile. (Dex +4, Str/Int -1) [potion
                  | of mutation]
 70916 | D:1      | Gained mutation: You are occasionally teleported next to
                  | monsters. [potion of mutation]
 70916 | D:1      | Gained mutation: Your flesh is heat resistant. (rF+)
                  | [potion of mutation]
 70916 | D:1      | Gained mutation: You are robust. (+10% HP) [potion of
                  | mutation]
 70931 | D:$      | Escaped with the Orb!

Illustrated notes

Levels and vault maps discovered:
D:1:      onia_arrival_pyramid, layout_rooms, nicolae_the_louvre
D:2:      layout_rooms, ebering_ecumenical_altar_petrified,
          uniq_crazy_yiuf_cottage
D:3:      layout_basic, old_standard_altar
D:4:      layout_rooms, minmay_fountain_box
D:5:      layout_basic, nicolae_hepliaklqana_monster_ancestors,
          minmay_temple_entry_fiery
D:6:      layout_basic
D:7:      layout_gridville, mainiacjoe_overflow_concentric_impassable,
          nicolae_kite_square_tiling_tiny, minmay_misc_feat_five
D:8:      layout_basic, uniq_psyche
D:9:      layout_rooms, gammafunk_ghost_smash, uniq_erica
D:10:     layout_rooms, mainiacjoe_overflow_two_lobes,
          mainiacjoe_overflow_small_starburst, hiddenorc1_lemuel,
          gammafunk_ghost_cemetery, uniq_maggie
D:11:     layout_gridville, lair_entry_dummy
D:12:     layout_loops_ring, vehumet_statue, uniq_josephine
D:13:     layout_roguey, david_vaults_4, ebering_ghost_reflecting_pool,
          serial_shops, shop, shop, shop, uniq_nessos, uniq_lodul
D:14:     minmay_swirls_squares, layout_irregular_city
D:15:     gammafunk_enter_depths_forms, layout_irregular_city, serial_ice,
          serial_ice_o, serial_ice_j, serial_ice_d, serial_ice_a, serial_ice_e,
          serial_ice_g, serial_ice_f, serial_ice_n, serial_ice_m, serial_ice_b,
          portal_ice_cave_entry_ice_simulacra, grunt_decor_resistance,
          yredelemnul_forgotten_temple_becter, uniq_roxanne
Temple:   kb_temple_of_zot
Lair:1:   layout_loops_ring, hellmonk_ghost_happy_afterlife,
          infiniplex_staircase_pool, uniq_amaemon
Lair:2:   layout_regular_city, guppyfry_snake_entry_garden,
          nicolae_volcano_entry_hallway, grunt_megastairs_3,
          infiniplex_staircase_pool_2
Lair:3:   layout_chaotic_city, minmay_shoals_entry_beasts
Lair:4:   layout_cave_pods, slime_entry_1, minivault_25, grunt_megastairs_4,
          lemuel_fruit_tree
Lair:5:   evilmike_catoblepas_cave, layout_cave_pods, gammafunk_ghost_grave
Shoals:1: layout_shoals, serial_shops, shop, nicolae_shoals_beach_cooler
Shoals:2: layout_shoals
Shoals:3: layout_shoals, serial_shops, shop
Shoals:4: shoals_end_grunt_ice, layout_shoals
Snake:1:  layout_misc_corridors, uniq_azrael
Snake:2:  layout_concentric_octagons, uniq_vashnia
Snake:3:  layout_onion_interference, serial_shops, nicolae_shop_tiny_waterfront,
          basic_altar, grunt_megastairs_1
Snake:4:  minmay_snake_end_coiled, layout_rooms, serial_shops,
          nicolae_shop_tiny_glass, nicolae_coiled_stairwell_up, uniq_aizul
Slime:1:  layout_caves
Slime:2:  layout_caves
Slime:3:  layout_caves
Slime:4:  cheibrodos_slime_lost_civilization_9, layout_caves
Slime:5
Orc:1:    layout_diamond_mine, gammafunk_ghost_necromancy, basic_altar
Orc:2:    st_orc_ogre_mass, layout_diamond_mine, uniq_maurice, uniq_saint_roka,
          uniq_rupert
Elf:1:    minmay_elf_arrival_circle, layout_loops_corners, serial_aquarium,
          aquarium_bridge_straight [aquarium_subvault_bridge,
          aquarium_subvault_wall, aquarium_subvault_bridge,
          aquarium_subvault_balcony], aquarium_window_1,
          aquarium_window_corridor_3, aquarium_window_1, aquarium_view_2g,
          aquarium_pool_four, serial_shops, shop, grunt_ministairs_8,
          abandoned_shop, einodemon_barbed_minivault, uniq_frances
Elf:2:    elven_hall_of_blades_hangedman_original
          [nicolae_blade_entry_sentries_behind_glass], layout_onion_city,
          serial_shops, shop
Elf:3:    minmay_elf_hall_statues, layout_geoelf_castle
Vaults:1: portal_desolation_entry_twin_temple, st_cross,
          nicolae_vaults_weapon_check, nicolae_vaults_network_quincunx
          [nicolae_vaults_network_quincunx_subvault,
          nicolae_vaults_network_quincunx_subvault,
          nicolae_vaults_network_quincunx_subvault,
          nicolae_vaults_network_quincunx_subvault,
          nicolae_vaults_network_quincunx_subvault], v_misc_24,
          grunt_vaults_focal, nicolae_vaults_closet_pinwheel_4,
          nicolae_vaults_storage_closets_1, nicolae_vaults_wrenched,
          vaults_standard_mumra_x, nicolae_vaults_angled_halls,
          nicolae_vaults_house_3, hangedman_vaults_stretched_pinwheel,
          nicolae_vaults_tetromino_T_2, ontoclasm_vaults_twist,
          nicolae_vaults_two_Ls, layout_vaults_omnicross, serial_shops,
          nicolae_shop_back_alley_shop, uniq_nikola
Vaults:2: nicolae_vaults_shock_wave, nicolae_vaults_sightless_eye,
          nicolae_vaults_storage_closets_3, v_rooms_5, v_misc_33, v_rooms_1,
          hangedman_vaults_corner, vaults_room_door_ring,
          ontoclasm_vaults_decontamination, nicolae_vaults_octothorpe,
          nicolae_vaults_hexular_roomagon, layout_vaults_omnibox, uniq_xtahua
Vaults:3: minmay_crypt_entry_skeletal_spiral, hangedman_vaults_river_flow,
          v_misc_22, nicolae_vaults_sesquioval_fish, dpeg_vaults_monster_box,
          hangedman_vaults_trim, nicolae_vaults_more_shelving_1, v_misc_10,
          vaults_room_hallway, nicolae_vaults_swerve, layout_vaults_maze_snakey
Vaults:4: v_misc_9, v_misc_31, nicolae_vaults_trapezoid_lopsided_3, v_misc_26,
          dpeg_vaults_monster_row, nicolae_vaults_cochlea,
          vaults_room_fancy_cross, nicolae_vaults_storage_closets_2, v_misc_33,
          nicolae_vaults_house_1, nicolae_vaults_shelves_hall, vaults_dpeg_ring,
          nicolae_vaults_house_2, layout_vaults_omnigrid, serial_shops,
          nicolae_shop_behind_doors, uniq_mara
Vaults:5
Crypt:1:  layout_misc_corridors, grunt_crypt_arrival_webbed
Crypt:2:  layout_rooms, item_on_display_a, uniq_josephina, uniq_margery
Crypt:3:  lightli_unholy_cathedral, layout_chaotic_city,
          tomb_entry_forgotten_bobbens
Depths:1: layout_cave_pools, enter_ziggurat_d, mu_enter_wizlab_3,
          grunt_metal_band, roderic_serpentine_path, abyss_entry_flame_altar,
          minmay_pinched_square, serial_bayou_shore_b
Depths:2: minmay_glassy_protrusions, layout_basic, rand_demon_pan_entry_4,
          serial_aquarium, aquarium_bridge_long_separate
          [aquarium_subvault_bridge, aquarium_subvault_wall,
          aquarium_subvault_wall, aquarium_subvault_bridge,
          aquarium_subvault_window, aquarium_subvault_bridge],
          aquarium_bridge_straight [aquarium_subvault_bridge,
          aquarium_subvault_window, aquarium_subvault_bridge,
          aquarium_subvault_wall], aquarium_window_1, aquarium_window_2,
          aquarium_view_2d, aquarium_pool_split, pf_vacation_house_of_asmodeus
Depths:3: minmay_textured_paths, layout_cave_pools,
          nicolae_kikubaaqudgha_miasma_corner, hell_entry, abyss_entry_crystal,
          lightli_giant_bouncers
Depths:4: evilmike_zot_entry_round, layout_gridlike, grunt_hell_entry_dis_mu,
          marbit_kobold_abyss_entry, pan_entry, nicolae_titane, uniq_jory,
          uniq_parghit
Zot:1:    layout_cathedral_of_symmetry, gammafunk_ghost_arena,
          grunt_megastairs_2
Zot:2:    dreamdust_black_sun_cult, layout_basic,
          gammafunk_ghost_wrathful_warriors
Zot:3:    grunt_zot_stairs_faceoff, layout_twisted_circle, door_vault
Zot:4:    layout_cathedral_of_symmetry, grunt_megastairs_5, lemuel_elevator
Zot:5:    layout_gridlike, lemuel_golem_globe

Skill      XL: |  1  2  3  4  5  6  7  8  9 10 11 12 13 14 15 16 17 18 19 20 21 22 23 24 25 26 27 |
---------------+----------------------------------------------------------------------------------+-----
Transmutations | 3 4 5 9 11 13 14 16 | 16.3
Poison Magic   | 2 4 5 |  5.6
Unarmed Combat | 6 9 11 13 15 16 17 19 22 24 26 27 | 27.0
Ice Magic      | 2 5 |  5.9
Dodging        | 5 7 10 12 16 18 | 18.0
Invocations    | 3 7 12 | 12.8
Fighting       | 4 5 10 12 16 19 20 27 | 27.0
Evocations     | 7 9 |  9.9
Earth Magic    | 9 10 | 10.6
Spellcasting   | 4 |  4.5
Shields        | 5 6 7 |  7.0
Translocations | 4 |  4.7
Stealth        | 17 | 17.5
Necromancy     | 8 |  8.8

Action                     |  1- 3 |  4- 6 |  7- 9 | 10-12 | 13-15 | 16-18 | 19-21 | 22-24 | 25-27 || total
---------------------------+-------+-------+-------+-------+-------+-------+-------+-------+-------++-------
  Melee: Unarmed           |    10 |    50 |   221 |   361 |   650 |   866 |   835 |   910 |  1147 ||  5050
         Short sword       |    50 |    52 |       |       |       |       |       |       |       ||   102
         Headbutt          |     2 |     6 |     8 |       |       |       |       |       |       ||    16
         Punch             |       |     1 |     5 |     2 |     5 |       |       |     4 |    60 ||    77
         Constrict         |       |       |       |       |    16 |   198 |   223 |   178 |   161 ||   776
         Bite              |       |       |       |       |       |       |       |     6 |    40 ||    46
         Tailslap          |       |       |       |       |       |       |       |     6 |    62 ||    68
   Fire: Sling             |    10 |    30 |    60 |    77 |       |       |       |       |       ||   177
  Throw: Stone             |       |       |     7 |     1 |     1 |       |       |       |       ||     9
   Cast: Beastly Appendage |    15 |     6 |    11 |     1 |       |       |       |       |       ||    33
         Spider Form       |       |     9 |    22 |    14 |       |       |       |       |       ||    45
         Wereblood         |       |     1 |     6 |    22 |    29 |    44 |    24 |    33 |    32 ||   191
         Ice Form          |       |       |       |    22 |    65 |    17 |       |       |       ||   104
         Statue Form       |       |       |       |       |       |    75 |    83 |    74 |    55 ||   287
         Lesser Beckoning  |       |       |       |       |       |     2 |    30 |    23 |    59 ||   114
         Dragon Form       |       |       |       |       |       |       |     1 |     5 |    38 ||    44
         Apportation       |       |       |       |       |       |       |       |       |     1 ||     1
 Invoke: Temporal Distorti |       |       |       |     1 |     5 |    11 |    10 |     7 |     9 ||    43
         Step From Time    |       |       |       |       |     2 |       |     1 |       |     3 ||     6
         Slouch            |       |       |       |       |     5 |     2 |     2 |       |     2 ||    11
         Bend Time         |       |       |       |       |       |     2 |       |       |       ||     2
Ability: Spit Poison       |    35 |    20 |    25 |     4 |       |       |       |     1 |       ||    85
         End Transformatio |       |       |     2 |     5 |     5 |     3 |       |     1 |     3 ||    19
         Breathe Fire      |       |       |       |       |       |       |       |       |     1 ||     1
  Evoke: Wand              |       |       |    10 |     7 |       |     2 |       |       |       ||    19
         Condenser vane    |       |       |       |       |       |       |       |       |     2 ||     2
    Use: Scroll            |     2 |     2 |     8 |    14 |    10 |    12 |     4 |     1 |     9 ||    62
         Potion            |       |     5 |     4 |     1 |     4 |     4 |       |       |    16 ||    34
   Stab: Sleeping          |       |       |       |     1 |     9 |     6 |     1 |       |     8 ||    25
         Petrified         |       |       |       |       |     4 |       |       |       |       ||     4
         Distracted        |       |       |       |       |     2 |       |       |       |     4 ||     6
 Armour: Robe              |     9 |     4 |    18 |     1 |     2 |       |       |       |       ||    34
         Ring mail         |     8 |       |       |       |       |       |       |       |       ||     8
         Skin              |       |    28 |    20 |    44 |   166 |   352 |   276 |   203 |   232 ||  1321
         Steam dragon scal |       |       |    15 |    15 |    22 |    17 |       |       |       ||    69
         Troll leather arm |       |       |       |       |       |     2 |    38 |    31 |    64 ||   135
  Dodge: Dodged            |    25 |    48 |   181 |   202 |   490 |   863 |   727 |   685 |  1032 ||  4253
  Block: Buckler           |       |       |       |       |       |   388 |       |       |       ||   388
         Kite shield       |       |       |       |       |       |   149 |   861 |   712 |   760 ||  2482

Table legend: (Time is in decaauts)
 A = Elapsed time spent in this place.
 B = Non-inter-level travel time spent in this place.
 C = Inter-level travel time spent in this place.
 D = Time resting spent in this place.
 E = Time spent auto-exploring this place.
 F = Levels seen in this place.
 G = Mean time per level.
                   A        B        C        D        E       F      G
               +--------+--------+--------+--------+--------+-----+--------+
         Total | 145153 | 115774 |  29379 |   6829 |  83081 |  63 | 2304.0 |
       Dungeon |  38306 |  26427 |  11879 |   3388 |  17785 |  15 | 2553.7 |
        Temple |    154 |     81 |     73 |      0 |     58 |   1 |  154.0 |
          Lair |  15330 |  12284 |   3046 |    611 |  10071 |   5 | 3066.0 |
        Shoals |   8695 |   8179 |    516 |    106 |   6753 |   4 | 2173.8 |
     Snake Pit |  11482 |   9652 |   1830 |    497 |   7142 |   4 | 2870.5 |
    Slime Pits |    754 |    665 |     89 |     89 |     59 |   5 |  150.8 |
  Orcish Mines |   5683 |   3388 |   2295 |    224 |   2517 |   2 | 2841.5 |
   Elven Halls |   9798 |   8691 |   1107 |    421 |   5724 |   3 | 3266.0 |
        Vaults |  18443 |  14737 |   3706 |    219 |  11773 |   5 | 3688.6 |
         Crypt |   5591 |   4832 |    759 |      0 |   3948 |   3 | 1863.7 |
        Depths |  11680 |   9262 |   2418 |    136 |   7560 |   4 | 2920.0 |
           Zot |  13896 |  12239 |   1657 |    836 |   8672 |   5 | 2779.2 |
         Abyss |   1682 |   1682 |      0 |      0 |    125 |   4 |  420.5 |
      Ice Cave |   1455 |   1455 |      0 |    299 |    484 |   1 | 1455.0 |
        Wizlab |    650 |    650 |      0 |      0 |    185 |   1 |  650.0 |
    Desolation |   1546 |   1546 |      0 |      0 |    221 |   1 | 1546.0 |
               +--------+--------+--------+--------+--------+-----+--------+

Top non-repeatable levels by time:
    D:14: 5098 daAuts
Vaults:4: 4432 daAuts
Vaults:1: 4363 daAuts
    D:13: 4178 daAuts
Depths:4: 4165 daAuts
    D:10: 4096 daAuts
    D:15: 3807 daAuts
  Lair:2: 3765 daAuts
   Elf:1: 3698 daAuts
   Zot:1: 3668 daAuts
Vaults:3: 3493 daAuts
 Snake:2: 3486 daAuts
   Elf:3: 3479 daAuts
  Lair:5: 3477 daAuts
    D:11: 3397 daAuts
